 Dungeon Crawl Stone Soup version 0.30-a0-860-g512cf1e979 (webtiles) character file.

Game seed: 14735687772350402362

64 qeuew the Trooper (level 4, -6/45 HPs)
             Began as an Ogre Reaver on Mar 7, 2023.
             Mangled by a gnoll
             ... wielding a +0 halberd
              (13 damage)
             ... on level 2 of the Dungeon.
             The game lasted 00:02:13 (1526 turns).

qeuew the Trooper (Ogre Reaver)                     Turns: 1526, Time: 00:02:14

Health: -6/45      AC:  3    Str: 18    XL:     4   Next: 12%
Magic:  8/8        EV:  9    Int: 14    God:
Gold:   107        SH:  0    Dex:  7    Spells: 6/9 levels left

rFire   . . .      SeeInvis .    a - +0 hand axe
rCold   . . .      Faith    .    (no shield)
rNeg    . . .      Spirit   .    b - +0 robe
rPois   .          Reflect  .    (helmet restricted)
rElec   .          Rampage  .    (no cloak)
rCorr   .                        (gloves unavailable)
Will    .....                    (boots unavailable)
Stlth   +                        (no amulet)
HPRegen 0.27/turn                (no ring)
MPRegen 0.11/turn                (no ring)

@: mighty
A: large, unfitting armour, tough skin 1, passive freeze, evolution 1,
MP-powered wands
a: no special abilities


You were on level 2 of the Dungeon.
You visited 1 branch of the dungeon, and saw 2 of its levels.

You collected 107 gold pieces.

Inventory:

Hand Weapons
 a - a +0 hand axe (weapon)
Armour
 b - a +0 robe (worn)
Scrolls
 c - a scroll of teleportation
 d - a scroll of enchant armour {unknown}
 g - a scroll of immolation {unknown}
Potions
 e - a potion of haste
 h - a potion of mutation


   Skills:
 + Level 3.5 Fighting
 + Level 3.4 Axes
 + Level 2.3 Dodging
 + Level 3.0 Spellcasting
 + Level 3.1 Conjurations


You had 6 spell levels left.
You knew the following spells:

 Your Spells              Type           Power      Damage    Failure   Level
a - Kiss of Death         Conj/Necr      24%        2d7       12%         1
b - Momentum Strike       Conj/Tloc      12%        3d8       17%         2

Your spell library contained the following spells:

 Spells                   Type           Power      Damage    Failure   Level
 Hailstorm                Conj/Ice       6%         3d4       34%         3
 Ignite Poison            Fire/Tmut/Pois 2%         N/A       54%         3
 Inner Flame              Hex/Fire       2%         N/A       54%         3
 Kindle Blastsparks       Fire/Tloc/Air  4%         2d10      54%         3
 Cause Fear               Hex            1%         N/A       91%         4
 Freezing Cloud           Conj/Ice/Air   2%         6-21      98%         5
 Discord                  Hex            1%         N/A       100%        8


Dungeon Overview and Level Annotations

Branches:
Dungeon (2/15)

Altars:
Ru


Innate Abilities, Weirdness & Mutations

You are too large for most types of armour.
You have tough skin. (AC +1)
A frigid envelope surrounds you and freezes all who hurt you.
You have hidden genetic potential.
You expend magic power (3 MP) to strengthen your wands.


Message History

The gnoll is severely wounded.
You hit the gnoll but do no damage.
The gnoll is severely wounded.
You hit the gnoll. You barely miss the endoplasm. The endoplasm freezes you.
You are frozen.
The gnoll hits you with a +0 flail.
The gnoll is very cold.
The gnoll is severely wounded.
The gnoll completely misses you.
The endoplasm hits you but does no damage.
The endoplasm is very cold.
The endoplasm is severely wounded.
The gnoll closely misses you. The gnoll hits you with a +0 flail.
The gnoll is very cold.
You kill the gnoll!
Okay, then.
You hit the endoplasm.
You kill the endoplasm!
You hit the gnoll but do no damage. The gnoll misses you.
Your Spellcasting skill increases to level 3!
Unknown command.
You hit the gnoll.
The gnoll is heavily wounded.
The gnoll hits you with a +0 whip.
The gnoll is very cold.
The gnoll is severely wounded.
The gnoll barely misses you.
You hit the gnoll.
You kill the gnoll!
You hit the gnoll but do no damage. The gnoll closely misses you. x2
You have reached level 4!
You closely miss the gnoll.
The gnoll is moderately wounded.
The gnoll hits you from afar with a +0 halberd.
The gnoll hits you with a +0 flail!
* * * LOW HITPOINT WARNING * * *
The gnoll is very cold.
The gnoll is almost dead.
It was a potion of might.
You feel very mighty all of a sudden.
The gnoll hits you from afar with a +0 halberd!
You die...

.......<.).#..# #..
#....###.......# #..
#.... ..#####.# #.. #..
#### #...# #.. #.#######
#.### #..
#.......###'#######..
####.......#.........#..
#..........#.........#..
#.....)@...'.........###
#....g)g####.........#
#.......# #.........#
#.......# #......†..#
#.......# #.........#
#.......# #.......=.#
######### #.........#
#.........# #.........#


You could see 2 gnolls.

Vanquished Creatures
  2 gnolls (D:2)
  An adder (D:2)
  A dart slug (D:1)
  3 bats
  2 endoplasms
  5 goblins
  4 hobgoblins
  3 kobolds
  3 quokkas
  3 ball pythons
  A frilled lizard (D:2)
  5 rats
33 creatures vanquished.

Notes
Turn   | Place    | Note
-------+----------+-------------------------------------------
     0 | D:1      | qeuew the Ogre Reaver began the quest for the Orb.
     0 | D:1      | Reached XP level 1. HP: 22/22 MP: 3/3
   240 | D:2      | Reached XP level 2. HP: 16/29 MP: 3/5
   455 | D:1      | Learned a level 2 spell: Momentum Strike
   709 | D:1      | Reached XP level 3. HP: 15/37 MP: 7/7
  1162 | D:1      | Gained mutation: A frigid envelope surrounds you and
                  | freezes all who hurt you. [potion of mutation]
  1162 | D:1      | Gained mutation: You have hidden genetic potential. [potion
                  | of mutation]
  1162 | D:1      | Gained mutation: You expend magic power (3 MP) to
                  | strengthen your wands. [potion of mutation]
  1256 | D:2      | Found a sacrificial altar of Ru.
  1402 | D:2      | Found a faded altar of an unknown god.
  1525 | D:2      | Reached XP level 4. HP: 20/45 MP: 8/8
  1526 | D:2      | Mangled by a gnoll

Illustrated notes

Levels and vault maps discovered:
D:1:      dpeg_arrival_water_fire, layout_basic, serial_glass, glass_columns_a,
          glass_columns_c, feat_on_display, feat_on_display,
          minmay_strange_pillars, hangedman_decor_growths
D:2:      layout_basic, basic_altar, ebering_ecumenical_altar_box

Skill      XL: |  1  2  3 |
---------------+----------+-----
Fighting       | 3 |  3.5
Dodging        | 2 |  2.3
Conjurations   | 3 |  3.1
Spellcasting   | 3 |  3.0
Axes           | |  3.4

Action                     |  1- 3 |  4- 6 || total
---------------------------+-------+-------++-------
  Melee: Hand axe          |    86 |     1 ||    87
    Use: Scroll            |     3 |       ||     3
         Potion            |     2 |     1 ||     3
 Armour: Robe              |    29 |       ||    29
  Dodge: Dodged            |    42 |       ||    42

Table legend: (Time is in decaauts)
 A = Elapsed time spent in this place.
 B = Non-inter-level travel time spent in this place.
 C = Inter-level travel time spent in this place.
 D = Time resting spent in this place.
 E = Time spent auto-exploring this place.
 F = Levels seen in this place.
 G = Mean time per level.
                   A        B        C        D        E       F      G
               +--------+--------+--------+--------+--------+-----+--------+
         Total |   1537 |   1506 |     31 |      0 |   1277 |   2 |  768.5 |
       Dungeon |   1537 |   1506 |     31 |      0 |   1277 |   2 |  768.5 |
               +--------+--------+--------+--------+--------+-----+--------+

Top non-repeatable levels by time:
     D:1: 1102 daAuts
     D:2: 435 daAuts
